 Dungeon Crawl Stone Soup version 0.29-a0-486-ga88943ba61 (webtiles) character file.

Game seed: 12754746566725544611

193 Colgate the Sneak (level 6, -5/37 HPs)
             Began as a Kobold Brigand on May 26, 2022.
             Was an Initiate of Fedhas.
             Slain by flestrin's ghost (8 damage)
             ... on level 3 of the Dungeon.
             The game lasted 00:05:42 (2706 turns).

Colgate the Sneak (Kobold Brigand)                  Turns: 2706, Time: 00:05:43

Health: -5/37      AC:  3    Str:  8    XL:     6   Next: 2%
Magic:  6/6        EV: 17    Int: 13    God:    Fedhas [......]
Gold:   170        SH:  0    Dex: 30    Spells: 5/5 levels left

rFire   . . .      SeeInvis .   a - +2 dagger
rCold   . . .      Faith    .   (no shield)
rNeg    . . .      Spirit   .   b - +0 robe
rPois   .          Reflect  .   (no helmet)
rElec   .          Harm     .   c - +0 cloak
rCorr   .          Rampage  .   (no gloves)
Will    .....                   (no boots)
Stlth   +++++.....              (no amulet)
HPRegen 0.12/turn               h - +6 ring of dexterity
MPRegen 0.10/turn               w - +6 ring of dexterity

@: no status effects
A: small, no large weapons, nightstalker 3
a: Renounce Religion


You were on level 3 of the Dungeon.
You worshipped Fedhas.
Fedhas was noncommittal.
You visited 1 branch of the dungeon, and saw 3 of its levels.

You collected 170 gold pieces.

Inventory:

Hand Weapons
 a - a +2 dagger (weapon)
Missiles
 d - 12 poisoned darts (quivered)
 e - 3 curare-tipped darts
 y - 4 boomerangs
Armour
 b - a +0 robe (worn)
 c - a +0 cloak (worn)
 u - a +0 kite shield
Jewellery
 h - a +6 ring of dexterity (left hand)
 r - a ring of protection from fire
 w - a +6 ring of dexterity (right hand)
Scrolls
 f - a scroll of amnesia {unknown}
 g - 2 scrolls of enchant weapon {unknown}
 i - 4 scrolls of enchant armour {unknown}
 k - a scroll of noise {unknown}
 l - 4 scrolls of identify {unknown}
 m - 2 scrolls of fog {unknown}
 q - a scroll of teleportation {unknown}
 t - a scroll of magic mapping {unknown}
 A - a scroll of fear {unknown}
 B - a scroll of brand weapon {unknown}
Potions
 j - a potion of invisibility {unknown}
 n - a potion of magic {unknown}
 o - a potion of might {unknown}
 p - a potion of attraction {unknown}
 s - a potion of curing {unknown}
 v - 3 potions of heal wounds {unknown}
 x - a potion of brilliance {unknown}
 z - a potion of lignification {unknown}


   Skills:
 - Level 3.2 Fighting
 + Level 5.8 Short Blades
 - Level 2.1 Throwing
 - Level 2.8 Dodging
 - Level 6.0 Stealth


You had 5 spell levels left.
You didn't know any spells.
Your spell library was empty.

Dungeon Overview and Level Annotations

Branches:
Dungeon (3/15)

Altars:
Fedhas
Makhleb

Annotations:
D:3 flestrin's ghost, amateur DrGl


Innate Abilities, Weirdness & Mutations

You are small and have problems with some larger weapons.
You are completely attuned to the shadows.


Message History

Flestrin's ghost hits you but does no damage.
You hit flestrin's ghost.
The bullfrog skeleton completely misses you.
You puncture flestrin's ghost! Flestrin's ghost hits you.
* * * LOW HITPOINT WARNING * * *
The bullfrog skeleton misses you.
You hit flestrin's ghost.
The bullfrog skeleton completely misses you.
Flestrin's ghost screams, "Zot is a myth, the ORB is a fable, you'll soon be a tale!"
Flestrin's ghost closely misses you.
You hit flestrin's ghost. The bullfrog skeleton misses you.
You miss flestrin's ghost. Flestrin's ghost barely misses you.
You hit flestrin's ghost.
The bullfrog skeleton barely misses you.
Flestrin's ghost closely misses you.
You hit flestrin's ghost but do no damage.
The bullfrog skeleton barely misses you.
You barely miss flestrin's ghost.
The bullfrog skeleton closely misses you.
Flestrin's ghost barely misses you.
You hit flestrin's ghost but do no damage.
The bullfrog skeleton hits you.
* * * LOW HITPOINT WARNING * * *
Flestrin's ghost barely misses you.
You miss flestrin's ghost.
The bullfrog skeleton completely misses you.
Flestrin's ghost closely misses you.
You barely miss flestrin's ghost.
The bullfrog skeleton barely misses you.
You hit flestrin's ghost but do no damage.
Flestrin's ghost misses you.
The bullfrog skeleton hits you but does no damage.
You hit flestrin's ghost.
The bullfrog skeleton closely misses you.
Flestrin's ghost hits you but does no damage.
You puncture flestrin's ghost!
The bullfrog skeleton hits you but does no damage.
You hit flestrin's ghost. Flestrin's ghost hits you!
You die...
Fedhas appreciates your contribution to the ecosystem.

###....†........
#............÷..
#............÷..
####.......[....
######## ##...........
####.#.#.# #######.....
#..#.....# ####..
##..'...Z## ####.
#...'...@W# #....
#...'....########
##.###
#...#.....#.....####..#
#
#.###.#.#.#......#...##
#.# #######........###
#.#######..........#
#...............).##
#########.........#
#..≈._.≈..###


You could see flestrin's ghost and a bullfrog skeleton.

Vanquished Creatures
  A water moccasin skeleton (D:3)
  An iguana (D:2)
  4 adders
  3 worms (D:3)
  An orc (D:3)
  6 ball pythons
  7 bats
  6 endoplasms
  4 giant cockroaches
  8 goblins
  6 hobgoblins
  4 jackals (D:1)
  2 quokkas
  3 frilled lizards
  4 kobolds
  8 rats
68 creatures vanquished.

Notes
Turn   | Place    | Note
-------+----------+-------------------------------------------
     0 | D:1      | Colgate the Kobold Brigand began the quest for the Orb.
     0 | D:1      | Reached XP level 1. HP: 12/12 MP: 1/1
    57 | D:1      | Reached XP level 2. HP: 17/17 MP: 2/2
   397 | D:1      | Reached XP level 3. HP: 22/22 MP: 3/3
  1315 | D:2      | Reached XP level 4. HP: 28/28 MP: 4/4
  1896 | D:3      | Reached skill level 6 in Stealth
  1896 | D:3      | Reached XP level 5. HP: 32/32 MP: 5/5
  2144 | D:3      | Found a burning altar of Makhleb.
  2201 | D:3      | Found a blossoming altar of Fedhas.
  2321 | D:3      | Became a worshipper of Fedhas Madash
  2490 | D:3      | Reached skill level 5 in Short Blades
  2669 | D:3      | Found a runed translucent gate.
  2670 | D:3      | Found a runed translucent gate.
  2670 | D:3      | Found a runed translucent gate.
  2678 | D:3      | Noticed flestrin's ghost (amateur DrGl)
  2681 | D:3      | Reached XP level 6. HP: 37/37 MP: 6/6
  2706 | D:3      | Slain by flestrin's ghost

Illustrated notes

Levels and vault maps discovered:
D:1:      noname_arrival_rooms_in_the_neighbourhood, layout_loops_ring,
          hex_medium, minmay_misc_feat_room
D:2:      layout_basic, hangedman_decor_clover_reticule, serial_bayou_crossing
D:3:      layout_rooms, mainiacjoe_overflow_tiny_flanked, fedhas_altar_2,
          gammafunk_ghost_necromancy, st_stairs_4, minmay_quantized

Skill      XL: |  1  2  3  4  5 |
---------------+----------------+-----
Short Blades   | 3 4 5 |  5.8
Fighting       | 3 |  3.2
Dodging        | 2 |  2.8
Stealth        | 6 |  6.0
Throwing       | |  2.1

Action                   |  1- 3 |  4- 6 || total
-------------------------+-------+-------++-------
Melee: Dagger            |    57 |    98 ||   155
       Punch             |       |     1 ||     1
 Stab: Sleeping          |    15 |    23 ||    38
       Distracted        |     1 |       ||     1
Armor: Robe              |     7 |    12 ||    19
Dodge: Dodged            |    28 |    64 ||    92

Table legend: (Time is in decaauts)
 A = Elapsed time spent in this place.
 B = Non-inter-level travel time spent in this place.
 C = Inter-level travel time spent in this place.
 D = Time resting spent in this place.
 E = Time spent auto-exploring this place.
 F = Levels seen in this place.
 G = Mean time per level.
                   A        B        C        D        E       F      G
               +--------+--------+--------+--------+--------+-----+--------+
         Total |   2676 |   2665 |     11 |      0 |   2249 |   3 |  892.0 |
       Dungeon |   2676 |   2665 |     11 |      0 |   2249 |   3 |  892.0 |
               +--------+--------+--------+--------+--------+-----+--------+

Top non-repeatable levels by time:
     D:2: 1104 daAuts
     D:3: 797 daAuts
     D:1: 774 daAuts
